AoeStats
← IzzyPizzy

Arena

506014803Analyzed
2v2 RM · 19d ago on Sep 12, 2026· 49m 7s· 4 players
Game mode
Random Map
Map size
Medium (4 player)
Population
200
Speed
Normal
Resources
Standard
Victory
Conquest
Starting age
Dark Age
Ending age
Imperial Age
RankedLock teamsTeams togetherTeam positionsShared explorationLock speedFull tech treeHidden civsTurbo modeCheats
Victory
Defeat
🇮🇳 Turks · India
1026
+16
🇦🇷 Franks · Argentina
1009
+16
🇬🇹 Armenians · Guatemala
1058
-18
🇬🇹 Cumans · Guatemala
974
-14
Just started
10:46 Feudal Age
15:26 Castle Age
15:01 Loom
15:09 Town Watch
19:17 Wheelbarrow
IzzyPizzy
7:21 Loom
10:05 Feudal Age
11:20 Double-Bit Axe
14:22 Wheelbarrow
17:23 Castle Age
16:59 Scale Mail Armor
17:09 Forging
18:26 Chain Mail Armor
18:21 Forging
22:19 Forging
25:16 Bow Saw
25:53 Town Watch
26:55 Arson
26:57 Gambesons
27:08 Fletching
27:28 Gold Mining
28:52 Hand Cart
29:01 Stone Mining
29:50 Gold Shaft Mining
29:40 Bodkin Arrow
34:55 Imperial Age
33:37 Iron Casting
34:02 #83
34:08 Squires
36:22 Plate Mail Armor
36:16 Conscription
37:39 Blast Furnace
37:34 Elite Throwing Axeman
Tang Dynasty
10:16 Loom
12:06 Feudal Age
12:38 Man-at-Arms
17:11 Scale Mail Armor
17:22 Forging
21:27 Wheelbarrow
24:02 Castle Age
24:21 Fletching
24:35 Padded Archer Armor
25:33 Double-Bit Axe
28:17 Hand Cart
28:39 Town Watch
32:35 Redemption
32:37 Fervor
32:43 Town Patrol
32:28 Horse Collar
35:09 Bow Saw
34:51 Stone Mining
34:51 Gold Mining
38:25 Imperial Age
37:53 Leather Archer Armor
42:16 Onager
44:13 Gold Shaft Mining
45:17 Conscription
45:33 Elite Composite Bowman
aragorn
5:22 Loom
11:14 Feudal Age
12:13 Double-Bit Axe
12:25 Gold Mining
16:13 Town Watch
18:19 Horse Collar
21:32 Wheelbarrow
21:35 Forging
25:24 Castle Age
24:09 Scale Barding Armor
25:05 Bloodlines
26:22 Bow Saw
26:46 Chain Barding Armor
26:53 Hand Cart
27:13 Heavy Plow
28:45 Iron Casting
33:35 Imperial Age
31:55 Gold Shaft Mining
31:26 Fletching
32:30 Bodkin Arrow
32:58 Ballistics
35:23 Two-Man Saw
35:08 Plate Barding Armor
35:00 Stone Mining
35:33 Light Cavalry
37:59 Blast Furnace
36:31 Hussar
37:31 Town Patrol
37:35 Padded Archer Armor
39:05 Crop Rotation
39:53 Leather Archer Armor
40:43 Conscription
42:00 Ring Archer Armor
42:32 Capped Ram
45:28 Siege Ram
45:41 Cavalier
47:01 Murder Holes
48:19 Chemistry
Connection lost

Rejoining the realm…

Still unreachable

The connection could not be restored.

Session expired

The server has moved on; the page needs a fresh start.